[Event "ICC tourney 2264 (75 10)"]
[Site "Internet Chess Club"]
[Date "2021.01.03"]
[Round "6"]
[White "Fredzhang"]
[Black "KingRayfish"]
[Result "1-0"]
[ICCResult "Black checkmated"]
[WhiteElo "1403"]
[BlackElo "1469"]
[Opening "Giuoco Piano"]
[ECO "C54"]
[NIC "IG.02"]
[Time "18:03:39"]
[PlyCount "195"]
[TimeControl "4500+10"]

1. e4 e5 2. Nf3 Nc6 3. Bc4 Bc5 4. c3 Nf6 5. d4 exd4 6. e5 Ng8 7. cxd4 Bb4+
8. Bd2 Nge7 9. Bxb4 Nxb4 10. Qb3 c5 11. dxc5 Nbc6 12. Bxf7+ Kf8 13. Bc4 Na5
14. Qc2 Nxc4 15. Qxc4 Ng6 16. Nc3 Qe7 17. Nd5 Qe6 18. Ne3 Qe7 19. Qd5 Rb8
20. Nf5 Qe6 21. Qd6+ Qxd6 22. Nxd6 Ke7 23. O-O Rf8 24. Rfe1 b6 25. cxb6
Rxb6 26. b3 Bb7 27. Nxb7 Rxb7 28. Ng5 Rf5 29. Nf3 Rb4 30. Rad1 h6 31. e6 d6
32. Nd4 Rc5 33. a3 Rb6 34. b4 Rc7 35. Nf5+ Kf6 36. Nxd6 Rcc6 37. e7 Nxe7
38. Ne8+ Kf7 39. Nxg7 Kxg7 40. Rxe7+ Kf6 41. Rxa7 Rc3 42. h3 Re6 43. Rad7
Rxa3 44. R7d6 Rb3 45. R6d4 h5 46. R1d3 Rb1+ 47. Kh2 Rb2 48. Rf3+ Kg6 49.
Rg3+ Kh6 50. f3 Rc6 51. Rd8 Kh7 52. h4 Rxb4 53. Rh3 Rg6 54. Rd7+ Kh6 55.
Re7 Rc4 56. Re4 Rcc6 57. Rg3 Rgf6 58. Re7 Rc8 59. Reg7 Rcc6 60. Rg8 Kh7 61.
R3g7+ Kh6 62. Rg5 Kh7 63. Re8 Rh6 64. Re7+ Kh8 65. Ree5 Kh7 66. Rxh5 Rxh5
67. Rxh5+ Kg6 68. Rg5+ Kh6 69. Kg3 Rc4 70. f4 Rc3+ 71. Kg4 Rc2 72. g3 Rc3
73. Kf5 Rc5+ 74. Ke4 Rc4+ 75. Kd5 Ra4 76. f5 Ra5+ 77. Kc4 Ra6 78. Rg6+ Rxg6
79. fxg6 Kxg6 80. Kd4 Kh6 81. Ke4 Kh5 82. Kf5 Kh6 83. Kg4 Kg6 84. h5+ Kh6
85. Kh4 Kh7 86. g4 Kh8 87. g5 Kg7 88. Kg4 Kh7 89. Kf5 Kg7 90. h6+ Kh8 91.
g6 Kg8 92. g7 Kh7 93. Kg5 Kg8 94. Kf6 Kh7 95. Kf7 Kxh6 96. g8=Q Kh5 97. Qg3
Kh6 98. Qg6# { Black checkmated } 1-0

[Event "ICC tourney 2264 (75 10)"]
[Site "Internet Chess Club"]
[Date "2021.01.03"]
[Round "6"]
[White "Hamlett144"]
[Black "akshajp"]
[Result "1-0"]
[ICCResult "Black checkmated"]
[WhiteElo "1452"]
[BlackElo "1389"]
[Opening "Sicilian: Grand Prix attack"]
[ECO "B23"]
[NIC "SI.44"]
[Time "18:03:37"]
[PlyCount "101"]
[TimeControl "4500+10"]

1. e4 c5 2. Nc3 Nc6 3. f4 d6 4. Bb5 Bd7 5. Bxc6 Bxc6 6. d3 Nf6 7. Nf3 g6 8.
O-O Bg7 9. Qe1 O-O 10. Qh4 Qb6 11. Kh1 c4 12. e5 Bxf3 13. Rxf3 dxe5 14.
fxe5 Nd7 15. Nd5 Qc5 16. Nxe7+ Kh8 17. d4 Qb4 18. c3 Qb6 19. Nd5 Qd8 20.
Nf6 h5 21. Bg5 Nxf6 22. Bxf6 Bxf6 23. exf6 Qd5 24. Re1 Rae8 25. Rfe3 Rxe3
26. Rxe3 Qf5 27. Kg1 Qb1+ 28. Qe1 Qxe1+ 29. Rxe1 Kg8 30. Re7 Rb8 31. Kf2
Kf8 32. Ke3 Re8 33. Rxe8+ Kxe8 34. Ke4 Kd7 35. Kd5 b5 36. Kc5 a6 37. Kb6
Ke6 38. Kxa6 Kxf6 39. Kxb5 Ke6 40. a4 f5 41. a5 f4 42. a6 g5 43. a7 g4 44.
a8=Q f3 45. gxf3 gxf3 46. Qxf3 Kd7 47. Qf6 Kc7 48. Qc6+ Kb8 49. Qd7 Ka8 50.
Kb6 Kb8 51. Qd8# { Black checkmated } 1-0

[Event "ICC tourney 2264 (75 10)"]
[Site "Internet Chess Club"]
[Date "2021.01.03"]
[Round "6"]
[White "lwaharte"]
[Black "nextelitekid"]
[Result "1-0"]
[ICCResult "Black checkmated"]
[WhiteElo "1473"]
[BlackElo "1561"]
[Opening "KGA: Schallop defense"]
[ECO "C34"]
[NIC "KG.02"]
[Time "18:03:41"]
[PlyCount "37"]
[TimeControl "4500+10"]

1. e4 e5 2. f4 exf4 3. Nf3 Nf6 4. Nc3 Bc5 5. d4 Bb4 6. Bd3 d6 7. O-O Bxc3
8. bxc3 O-O 9. Bxf4 Re8 10. Bg5 h6 11. Bh4 Nbd7 12. e5 dxe5 13. dxe5 Nxe5
14. Nxe5 g5 15. Bg3 Qe7 16. Qf3 Nh7 17. Nxf7 Kg7 18. Be5+ Kg8 19. Nxh6# {
Black checkmated } 1-0

[Event "ICC tourney 2264 (75 10)"]
[Site "Internet Chess Club"]
[Date "2021.01.03"]
[Round "6"]
[White "GPWKnight"]
[Black "AndreiKo007"]
[Result "1-0"]
[ICCResult "Black resigns"]
[WhiteElo "1471"]
[BlackElo "1695"]
[Opening "Ruy Lopez: classical (Cordel) defense"]
[ECO "C64"]
[NIC "RL.01"]
[Time "18:03:41"]
[PlyCount "85"]
[TimeControl "4500+10"]

1. e4 e5 2. Nf3 Nc6 3. Bb5 Bc5 4. O-O d6 5. h3 f5 6. d3 fxe4 7. dxe4 Nf6 8.
Bg5 Bd7 9. Nc3 Nd4 10. Bxd7+ Qxd7 11. Bxf6 gxf6 12. Nd5 Rf8 13. c3 Ne6 14.
Nh4 c6 15. Qh5+ Kd8 16. Ne3 Kc7 17. Nhf5 Rg8 18. Kh2 Rg5 19. Qf3 Rag8 20.
Rg1 Nf4 21. Rad1 Bxe3 22. Nxe3 d5 23. exd5 cxd5 24. Nxd5+ Nxd5 25. Qxd5
Qxd5 26. Rxd5 Rd8 27. Rxd8 Kxd8 28. Rd1+ Kc7 29. g3 Rg7 30. Kg2 Kc6 31. Kf3
Kc5 32. Ke4 Kc6 33. Rd2 Rd7 34. Rxd7 Kxd7 35. Kd5 Ke7 36. c4 Kd7 37. b4 Ke7
38. a4 Kd7 39. c5 b6 40. cxb6 axb6 41. a5 bxa5 42. bxa5 Kc7 43. Ke6 { Black
resigns } 1-0

[Event "ICC tourney 2264 (75 10)"]
[Site "Internet Chess Club"]
[Date "2021.01.03"]
[Round "6"]
[White "Jeffchess"]
[Black "sujay2010"]
[Result "1-0"]
[ICCResult "Black checkmated"]
[WhiteElo "1209"]
[BlackElo "1345"]
[Opening "Sicilian: closed"]
[ECO "B23"]
[NIC "SI.44"]
[Time "18:03:56"]
[PlyCount "77"]
[TimeControl "4500+10"]

1. e4 c5 2. Nc3 e6 3. Bb5 a6 4. Ba4 b5 5. Nxb5 axb5 6. Bxb5 Ba6 7. Bxa6
Nxa6 8. Ne2 Nf6 9. d3 Be7 10. O-O O-O 11. f4 Qb6 12. e5 Nd5 13. c4 Ndc7 14.
b3 d6 15. Ng3 Nb4 16. a3 Nc6 17. Bb2 dxe5 18. f5 exf5 19. Nxf5 Bf6 20. b4
cxb4+ 21. Kh1 bxa3 22. Bxa3 Rfe8 23. Nh6+ gxh6 24. Rxf6 Re6 25. Qg4+ Kh8
26. Rxf7 Rg6 27. Qd7 Nd8 28. Rxh7+ Kg8 29. h3 Qb7 30. Rg1 Rxa3 31. Re7 Nde6
32. c5 Ra2 33. Re8+ Nf8 34. Rxf8+ Kxf8 35. Rf1+ Kg8 36. Qf7+ Kh8 37. Qf8+
Kh7 38. Rf7+ Rg7 39. Rxg7# { Black checkmated } 1-0

[Event "ICC tourney 2264 (75 10)"]
[Site "Internet Chess Club"]
[Date "2021.01.03"]
[Round "6"]
[White "MasterIVGM20"]
[Black "CheddarCheng1"]
[Result "0-1"]
[ICCResult "White checkmated"]
[WhiteElo "1184"]
[BlackElo "1424"]
[Opening "Scotch gambit: Dubois-Réti defense"]
[ECO "C55"]
[NIC "KP.02"]
[Time "18:03:35"]
[PlyCount "100"]
[TimeControl "4500+10"]

1. e4 e5 2. Nf3 Nc6 3. Bc4 Nf6 4. d4 exd4 5. e5 d5 6. Bb5 Nd7 7. Bf4 Bc5 8.
Nbd2 O-O 9. O-O Ne7 10. Bd3 Bb6 11. Bxh7+ Kxh7 12. Ng5+ Kg6 13. Ndf3 Rh8
14. Qd3+ Nf5 15. g4 Nc5 16. gxf5+ Bxf5 17. Qd2 f6 18. Kh1 fxg5 19. Bxg5 Qd7
20. Nh4+ Kf7 21. Qf4 g6 22. Bf6 Rh5 23. Rg1 Ne6 24. Qg3 Rg8 25. Rg2 c5 26.
Rag1 Bd8 27. Bxd8 Qxd8 28. Nxf5 Rxf5 29. Qh3 Nf4 30. Qb3 Nxg2 31. Qxb7+ Kf8
32. Rxg2 Rxe5 33. h3 Rg7 34. Qc6 Re1+ 35. Kh2 Qc7+ 36. Qxc7 Rxc7 37. Rxg6
Re2 38. h4 Rxf2+ 39. Kg3 Rf1 40. h5 Rg7 41. Kg4 Rxg6+ 42. hxg6 Kg7 43. Kg5
a5 44. c3 d3 45. c4 dxc4 46. b3 c3 47. a3 c2 48. b4 c1=Q+ 49. Kh5 Rg1 50.
Kh4 Qh6# { White checkmated } 0-1

[Event "ICC tourney 2264 (75 10)"]
[Site "Internet Chess Club"]
[Date "2021.01.03"]
[Round "6"]
[White "jjplaman"]
[Black "handsomematch"]
[Result "0-1"]
[ICCResult "White resigns"]
[WhiteElo "1325"]
[BlackElo "1303"]
[Opening "Giuoco Pianissimo: Italian four knights variation"]
[ECO "C50"]
[NIC "IG.02"]
[Time "18:03:51"]
[PlyCount "118"]
[TimeControl "4500+10"]

1. e4 e5 2. Nf3 Nc6 3. Bc4 Bc5 4. Nc3 Nf6 5. d3 h6 6. O-O d6 7. h3 O-O 8.
Bd2 Na5 9. Bd5 Nxd5 10. Nxd5 c6 11. Nc3 b6 12. Qc1 Be6 13. Ne2 b5 14. b4
Nb7 15. bxc5 Nxc5 16. Ng3 Qd7 17. Bxh6 gxh6 18. Qxh6 f6 19. Nh5 Qe7 20. Nh4
Nd7 21. Ng6 Qh7 22. Qxh7+ Kxh7 23. Nxf8+ Rxf8 24. Ng3 d5 25. f4 Re8 26.
fxe5 fxe5 27. Kh2 d4 28. Nf5 c5 29. Nd6 Rb8 30. Nf7 Kg6 31. g4 Bxf7 32. h4
Rh8 33. Kg3 Be6 34. a3 Nf6 35. g5 Nh5+ 36. Kg2 Nf4+ 37. Kg3 Kg7 38. Rab1 a6
39. Rf2 Kg6 40. Rbf1 Rf8 41. Rxf4 exf4+ 42. Rxf4 Rxf4 43. Kxf4 c4 44. Ke5
cxd3 45. cxd3 Bf7 46. Kxd4 Kh5 47. e5 Kxh4 48. g6 Bxg6 49. e6 Kg5 50. e7
Kf6 51. Kc5 Kxe7 52. d4 Bf5 53. d5 Bc8 54. Kc6 Bd7+ 55. Kb6 Bc8 56. Kc7 a5
57. Kxc8 Kd6 58. Kb7 b4 59. axb4 axb4 { White resigns } 0-1

[Event "ICC tourney 2264 (75 10)"]
[Site "Internet Chess Club"]
[Date "2021.01.03"]
[Round "6"]
[White "andrewj508"]
[Black "tcrgm"]
[Result "0-1"]
[ICCResult "White checkmated"]
[WhiteElo "1256"]
[BlackElo "1587"]
[Opening "Queen's pawn, Mason variation"]
[ECO "D00"]
[NIC "QP.08"]
[Time "18:03:41"]
[PlyCount "92"]
[TimeControl "4500+10"]

1. d4 d5 2. Bf4 Nf6 3. e3 e6 4. c4 Bd6 5. Bg3 c6 6. a3 O-O 7. Nf3 Ne4 8.
Bd3 f5 9. Be5 Bxe5 10. Nxe5 Nd7 11. Nf3 Qf6 12. O-O Qh6 13. Qe2 Rf6 14.
Nbd2 Rg6 15. Kh1 Ndf6 16. Ne5 Ng4 17. Nxg4 Rxg4 18. Nf3 Ng5 19. cxd5 exd5
20. Rg1 Be6 21. a4 Ne4 22. a5 Rf8 23. Raf1 Bf7 24. g3 Bh5 25. Rg2 Rg6 26.
Qd1 Bg4 27. Be2 Bh3 28. Rfg1 Bxg2+ 29. Rxg2 Rd6 30. Ne5 Qf6 31. Bd3 Qd8 32.
Bxe4 fxe4 33. b4 Qf6 34. Qg4 Rfd8 35. h4 b6 36. axb6 axb6 37. Rh2 Ra8 38.
Kg2 Ra2 39. Kg1 Rb2 40. Qc8+ Qf8 41. Qg4 Rf6 42. Nd7 Rb1+ 43. Kg2 Rxf2+ 44.
Kh3 Rxh2+ 45. Kxh2 Qf2+ 46. Kh3 Rh1# { White checkmated } 0-1

[Event "ICC tourney 2264 (75 10)"]
[Site "Internet Chess Club"]
[Date "2021.01.03"]
[Round "6"]
[White "StevChess01"]
[Black "Davide25"]
[Result "0-1"]
[ICCResult "White resigns"]
[WhiteElo "1632"]
[BlackElo "1539"]
[Opening "Nimzo-Indian: Kmoch variation"]
[ECO "E20"]
[NIC "NI.30"]
[Time "18:03:47"]
[PlyCount "62"]
[TimeControl "4500+10"]

1. d4 Nf6 2. c4 e6 3. Nc3 Bb4 4. f3 Bxc3+ 5. bxc3 d5 6. e3 O-O 7. cxd5 exd5
8. Bd3 Re8 9. Ne2 c6 10. O-O Nbd7 11. Ng3 Nb6 12. Qc2 Qe7 13. e4 h6 14. e5
Nfd7 15. Nf5 Qf8 16. Qf2 Nxe5 17. dxe5 Rxe5 18. g4 Bxf5 19. Bxf5 Rae8 20.
Bf4 Re2 21. Qg3 Qc5+ 22. Rf2 Qxc3 23. Raf1 Nc4 24. Qh4 g5 25. Bxg5 hxg5 26.
Qh7+ Kf8 27. Bd3 Rxf2 28. Rxf2 Re1+ 29. Kg2 Ne3+ 30. Kh3 Qf6 31. Bb1 Nd1 {
White resigns } 0-1

[Event "ICC tourney 2264 (75 10)"]
[Site "Internet Chess Club"]
[Date "2021.01.03"]
[Round "6"]
[White "Anushkaa"]
[Black "MissCalculation"]
[Result "1/2-1/2"]
[ICCResult "Game drawn by mutual agreement"]
[WhiteElo "1281"]
[BlackElo "1041"]
[Opening "Caro-Kann: advance variation"]
[ECO "B12"]
[NIC "CK.04"]
[Time "18:03:36"]
[PlyCount "64"]
[TimeControl "4500+10"]

1. e4 c6 2. d4 d5 3. e5 Bf5 4. Nf3 e6 5. Bd3 Bxd3 6. Qxd3 Ne7 7. O-O Nf5 8.
Nc3 c5 9. Ne2 c4 10. Qd1 Nc6 11. c3 Be7 12. Bd2 O-O 13. Qc1 h6 14. Bf4 b5
15. Ng3 Nxg3 16. Bxg3 b4 17. Qc2 bxc3 18. bxc3 Rb8 19. Rab1 Qd7 20. Bh4
Bxh4 21. Nxh4 Ne7 22. Qe2 Rb5 23. Rb2 Rfb8 24. Rfb1 Rxb2 25. Rxb2 Rxb2 26.
Qxb2 Qa4 27. g3 Qd1+ 28. Kg2 Qd3 29. Nf3 Qe4 30. Qd2 Nf5 31. Qf4 Qxf4 32.
gxf4 a5 { Game drawn by mutual agreement } 1/2-1/2

[Event "ICC tourney 2264 (75 10)"]
[Site "Internet Chess Club"]
[Date "2021.01.03"]
[Round "6"]
[White "MikeWMason"]
[Black "trucker"]
[Result "1/2-1/2"]
[ICCResult "Game drawn by mutual agreement"]
[WhiteElo "1699"]
[BlackElo "1642"]
[Opening "Giuoco Piano"]
[ECO "C50"]
[NIC "IG.02"]
[Time "18:03:47"]
[PlyCount "68"]
[TimeControl "4500+10"]

1. e4 e5 2. Nf3 Nc6 3. Bc4 Bc5 4. d4 Bxd4 5. Nxd4 Nxd4 6. Be3 Ne6 7. Bxe6
dxe6 8. Nc3 Qxd1+ 9. Rxd1 Bd7 10. Ke2 Ne7 11. Rd3 O-O-O 12. a4 a6 13. b4 b6
14. a5 b5 15. Bc5 Ng6 16. g3 Bc6 17. Rhd1 Rxd3 18. Rxd3 Rd8 19. Rxd8+ Kxd8
20. f3 f5 21. Ke3 h5 22. Ne2 Ke8 23. exf5 exf5 24. f4 Kf7 25. fxe5 Nxe5 26.
Kf4 Ng4 27. Nd4 Be4 28. Nxf5 Bxc2 29. Nd4 Bd3 30. h3 Nf6 31. Nc6 Be4 32.
Nd8+ Kg6 33. Ne6 Bg2 34. Nxc7 Nd5+ { Game drawn by mutual agreement }
1/2-1/2

[Event "ICC tourney 2264 (75 10)"]
[Site "Internet Chess Club"]
[Date "2021.01.03"]
[Round "6"]
[White "aakashjr"]
[Black "ChemStud24"]
[Result "0-1"]
[ICCResult "White checkmated"]
[WhiteElo "1642"]
[BlackElo "1434"]
[Opening "Sicilian: Najdorf, 6...e6"]
[ECO "B95"]
[NIC "SI.04"]
[Time "18:03:34"]
[PlyCount "132"]
[TimeControl "4500+10"]

1. e4 c5 2. Nf3 d6 3. d4 cxd4 4. Nxd4 Nf6 5. Nc3 a6 6. Bg5 e6 7. Qf3 Be7 8.
O-O-O Nbd7 9. Bd3 Qc7 10. Qe2 h6 11. Bh4 b5 12. Bxf6 Nxf6 13. Qd2 O-O 14.
f4 Bb7 15. Rhe1 b4 16. Nce2 Nxe4 17. Bxe4 Bxe4 18. Ng3 Bg6 19. Kb1 Rfc8 20.
f5 Bg5 21. Qf2 exf5 22. Ndxf5 Qc5 23. Qxc5 dxc5 24. Rd7 Kf8 25. h4 Re8 26.
Rf1 Bf6 27. h5 Bh7 28. Rdd1 Rad8 29. Rxd8 Rxd8 30. b3 Rd2 31. Ne4 Rxg2 32.
Nxf6 gxf6 33. Nxh6 Rxc2 34. Nf5 Rh2 35. Kc1 Rxh5 36. Ne3 Rh3 37. Nd5 f5 38.
Kd2 Rh2+ 39. Ke3 Rxa2 40. Rc1 Rb2 41. Rxc5 Rxb3+ 42. Kf4 Rb1 43. Kg5 Kg7
44. Nf4 Rg1+ 45. Kh5 Bg6+ 46. Nxg6 fxg6+ 47. Kh4 Rg4+ 48. Kh3 b3 49. Rc7+
Kh6 50. Rb7 a5 51. Rxb3 Rb4 52. Ra3 a4 53. Ra2 Rb3+ 54. Kh2 a3 55. Ra1 Rb2+
56. Kg3 a2 57. Kf4 Rf2+ 58. Kg3 Rb2 59. Kf4 Kg7 60. Kg5 Rg2+ 61. Kf4 Kf6
62. Kf3 Rb2 63. Kf4 g5+ 64. Kg3 f4+ 65. Kf3 Kf5 66. Rc1 g4# { White
checkmated } 0-1

[Event "ICC tourney 2264 (75 10)"]
[Site "Internet Chess Club"]
[Date "2021.01.03"]
[Round "6"]
[White "Il123"]
[Black "ChessHawk8"]
[Result "1-0"]
[ICCResult "Black resigns"]
[WhiteElo "1461"]
[BlackElo "1536"]
[Opening "Sicilian: Labourdonnais-Löwenthal variation"]
[ECO "B32"]
[NIC "SI.32"]
[Time "18:03:37"]
[PlyCount "151"]
[TimeControl "4500+10"]

1. e4 c5 2. Nf3 Nc6 3. d4 cxd4 4. Nxd4 e5 5. Nxc6 bxc6 6. Bc4 Nf6 7. Nc3
Bb4 8. f3 d5 9. exd5 Nxd5 10. Bxd5 cxd5 11. O-O Bc5+ 12. Kh1 Bd4 13. Nb5
Bb6 14. Re1 O-O 15. Rxe5 Bb7 16. Re1 Re8 17. Rxe8+ Qxe8 18. Nd6 Qd7 19.
Nxb7 Qxb7 20. c3 Re8 21. Bf4 Bc5 22. b4 Bb6 23. Qd2 Qe7 24. Bg3 Rd8 25. Re1
Qf8 26. Bh4 Rd7 27. Qe2 h6 28. Qb5 Qc8 29. a4 g5 30. Bg3 d4 31. cxd4 Bxd4
32. Rd1 Rd8 33. Qb8 Kh7 34. Qc7 Qxc7 35. Bxc7 Rc8 36. Rxd4 Rxc7 37. h3 Kg7
38. Kh2 f5 39. f4 Kg6 40. fxg5 hxg5 41. Rd6+ Kf7 42. Ra6 Kg7 43. b5 Rb7 44.
a5 Rxb5 45. Rxa7+ Kf6 46. a6 Ra5 47. Ra8 Kf7 48. a7 Kg7 49. Kg1 Ra2 50. Kf1
f4 51. Ke1 Kh7 52. Kd1 Kg7 53. Kc1 Kh7 54. Kb1 Ra6 55. Kb2 Ra4 56. Kb3 Ra1
57. Kb4 Kg7 58. Kc5 Kh7 59. Kd6 Kg7 60. Ke6 Ra6+ 61. Kf5 Ra5+ 62. Kg4 Kh7
63. h4 gxh4 64. Kxh4 Kg7 65. Kg4 Ra4 66. Kf5 Kh7 67. Ke5 Kg7 68. Kd6 Ra1
69. Kc6 Rc1+ 70. Kb5 Rb1+ 71. Ka5 Ra1+ 72. Kb4 Rb1+ 73. Ka3 Ra1+ 74. Kb3
Rb1+ 75. Ka2 Rb7 76. Rg8+ { Black resigns } 1-0

[Event "ICC tourney 2264 (75 10)"]
[Site "Internet Chess Club"]
[Date "2021.01.03"]
[Round "6"]
[White "magicpup"]
[Black "pusheen2019"]
[Result "1-0"]
[ICCResult "Black resigns"]
[WhiteElo "1523"]
[BlackElo "1499"]
[Opening "French: exchange variation"]
[ECO "C01"]
[NIC "FR.01"]
[Time "18:03:34"]
[PlyCount "149"]
[TimeControl "4500+10"]

1. e4 e6 2. d4 d5 3. exd5 exd5 4. Bd3 Nf6 5. h3 Be6 6. Nf3 Bd6 7. O-O O-O
8. Bg5 Nbd7 9. c3 c6 10. Nbd2 h6 11. Bh4 Re8 12. Qc2 Qc7 13. Rfe1 Rac8 14.
Rac1 Kh8 15. Bf5 Bf4 16. Bxe6 fxe6 17. Bxf6 Nxf6 18. Rcd1 c5 19. dxc5 Qxc5
20. Ne5 Qc7 21. Ng6+ Kg8 22. Nxf4 Qxf4 23. Nf3 Ne4 24. Rd4 Qf6 25. Rdd1 Rf8
26. Qe2 Rf7 27. Rf1 Rcf8 28. Rc1 Qg6 29. Ne5 Qg5 30. Nxf7 Rxf7 31. Rcd1 Qg6
32. Qd3 Qh5 33. c4 Nf6 34. cxd5 Nxd5 35. Rc1 Rf8 36. Qe4 Nf4 37. Rc2 Qg5
38. Rc3 Qh5 39. Re1 Qb5 40. Rb3 Qg5 41. Rg3 Qa5 42. Qe5 Qxe5 43. Rxe5 Kf7
44. Rf3 Ke7 45. Re4 g5 46. h4 Rc8 47. hxg5 hxg5 48. Rc3 Rd8 49. Rc7+ Rd7
50. Rxd7+ Kxd7 51. Kf1 Kd6 52. Rb4 b6 53. g3 Nd5 54. Rg4 Ke7 55. Rxg5 Kf6
56. Rxd5 exd5 57. Ke2 Ke5 58. Kd3 a6 59. g4 Kf4 60. Kd4 Kxg4 61. Kxd5 Kf3
62. Kc6 Kxf2 63. Kxb6 Ke3 64. Kxa6 Kd4 65. b4 Kc3 66. b5 Kb2 67. b6 Ka1 68.
a4 Ka2 69. a5 Ka1 70. b7 Ka2 71. b8=Q Ka1 72. Qb4 Ka2 73. Kb5 Ka1 74. Kc4
Ka2 75. Kc3 { Black resigns } 1-0